 Dungeon Crawl Stone Soup version 0.18-a0-809-g212a022 (webtiles) character file.

305 Arkorax the Slasher (level 6, -12/40 HPs)
             Began as a Tengu Gladiator on Dec 15, 2015.
             Was an Initiate of Dithmenos.
             Mangled by an orc warrior
             ... wielding a +1 glaive of venom
              (19 damage)
             ... on level 5 of the Dungeon.
             The game lasted 00:07:19 (5066 turns).

Arkorax the Slasher (Tengu Gladiator)               Turns: 5066, Time: 00:07:19

Health: -12/40     AC:  5    Str: 13    XL:     6   Next: 39%
Magic:  7/7        EV: 19    Int:  8    God:    Dithmenos [......]
Gold:   256        SH:  0    Dex: 20    Spells: 0 memorised, 5 levels left

rFire  . . .     SeeInvis .     a - +1 long sword
rCold  . . .     Clarity  .     F - +1 leather armour of the Will of the Gods {+Blink rElec MR++ Str-4}
rNeg   . . .     SustAt   .     (no shield)
rPois  .         Gourm    .     c - +0 hat
rElec  +         Spirit   .     e - +0 cloak
rCorr  .         Dismiss  .     (no gloves)
rMut   .         Rnd*Tele +     (boots unavailable)
MR     ++...                    (no amulet)
Stlth  +++.......               (no ring)
                                s - ring of teleportation

@: agile, lethally poisoned (-12 -> -25), very resistant to hostile
enchantments, fairly stealthy
A: beak, talons 3, able to fly 1
a: Fly, Renounce Religion, Evoke Blink, Evoke Teleportation


You were on level 5 of the Dungeon.
You worshipped Dithmenos.
Dithmenos was noncommittal.
You were not hungry.

You visited 2 branches of the dungeon, and saw 7 of its levels.

You collected 256 gold pieces.

Inventory:

Hand Weapons
 a - a +1 long sword (weapon)
Missiles
 d - 3 throwing nets (quivered)
Armour
 c - a +0 hat (worn)
 e - a +0 cloak (worn)
 y - a +0 chain mail
 F - the +1 leather armour of the Will of the Gods (worn) {+Blink rElec MR++ Str-4}
   (You found it on level 4 of the Dungeon)

   It affects your strength (-4).
   It insulates you from electricity.
   It affects your resistance to hostile enchantments.
   It lets you blink.
Jewellery
 s - a ring of teleportation (left hand)
 E - an uncursed amulet of rage {unknown}
Wands
 u - a wand of digging (0)
 A - a wand of polymorph (10)
Scrolls
 b - a scroll of blinking {unknown}
 g - 2 scrolls of magic mapping {unknown}
 h - 2 scrolls of remove curse
 i - a scroll of teleportation
 l - a scroll of fear {unknown}
 m - 5 scrolls of identify {unknown}
 n - a scroll of fog {unknown}
 w - 2 scrolls of random uselessness {unknown}
 x - 2 scrolls of recharging {unknown}
Potions
 f - a potion of poison {unknown}
 j - 2 potions of agility
 k - 3 potions of brilliance {unknown}
 p - a potion of curing {unknown}
 q - a potion of magic {unknown}
 r - a potion of degeneration {unknown}
 t - a potion of cancellation {unknown}
 z - a potion of lignification {unknown}
 B - a potion of flight {unknown}
 C - a potion of resistance {unknown}
 D - a potion of heal wounds {unknown}
Comestibles
 o - 2 meat rations
 v - 2 bread rations
 G - a beef jerky


   Skills:
 + Level 4.9 Fighting
 + Level 5.4 Long Blades
 - Level 2.0 Throwing
 + Level 3.8 Dodging


You had 5 spell levels left.
You didn't know any spells.

Dungeon Overview and Level Annotations

Branches:
Dungeon (6/15)             Temple (1/1) D:5

Altars:
Ashenzari
Dithmenos
Elyvilon
Gozag
Kikubaaqudgha
Makhleb
Okawaru
Pakellas
Qazlal
Vehumet
Xom
Yredelemnul
Zin


Innate Abilities, Weirdness & Mutations

You have a beak for a mouth.
You have claws for feet.
You can fly.


Message History

There is an entrance to an ossuary on this level.
Hurry and find it before the portal is buried!
The orc warrior hits you with a glaive of venom!
You are poisoned.
There is a stone staircase leading up here.
Unknown command.
You feel sick.
The orc warrior hits you with a glaive of venom!!
* * * LOW HITPOINT WARNING * * *
You are lethally poisoned!
You climb upwards.
* * * LOW HITPOINT WARNING * * *
You feel sick.
There is a stone staircase leading down here.
Drink which item? (? for menu, Esc to quit)
It was a potion of agility.
You feel agile all of a sudden.
* * * LOW HITPOINT WARNING * * *
You feel sick.
The orc warrior hits you with a glaive of venom!!
You die...

#.##..#.# #.#
#.......########.#
#..#.#.##........##
#.#....##.#####...#
#.##.#.##.####.....
#.##.........##...#
#.####.##.##.......
#o####.##.######.##
#.@....##........#
################.#
#.# #.# #.# #.##
############## #...
#............#####...
#.####.#.............


You could see an orc warrior.

Vanquished Creatures
  A jelly (D:5)
  A centaur skeleton (D:4)
  2 worker ants
  2 orc wizards (D:3)
  4 adders
  An ooze (D:3)
  2 worms (D:3)
  13 orcs
  10 bats
  3 giant cockroaches
  A goblin (D:2)
  10 hobgoblins
  6 jackals
  8 kobolds
  4 giant geckos
  6 giant newts
  A quokka skeleton (D:5)
  9 rats
84 creatures vanquished.

Notes
Turn   | Place    | Note
--------------------------------------------------------------
     0 | D:1      | Arkorax the Tengu Gladiator began the quest for the Orb.
     0 | D:1      | Reached XP level 1. HP: 12/12 MP: 2/2
   175 | D:1      | Reached XP level 2. HP: 15/18 MP: 3/3
   734 | D:1      | Reached skill level 4 in Long Blades
   740 | D:1      | Reached XP level 3. HP: 11/22 MP: 4/4
  1831 | D:2      | Found an oddly glowing altar of Pakellas.
  2103 | D:2      | Reached XP level 4. HP: 25/28 MP: 5/5
  2255 | D:3      | Gained mutation: You can fly. [Tengu growth]
  2255 | D:3      | Reached XP level 5. HP: 3/33 MP: 6/6
  3539 | D:4      | Reached skill level 5 in Long Blades
  3566 | D:4      | Got a transparent leather armour
  3585 | D:4      | Identified the +1 leather armour of the Will of the Gods {+Blink rElec MR++ Str-4} (You found it on level 4 of the Dungeon)
  3676 | D:4      | Reached XP level 6. HP: 34/39 MP: 7/7
  4001 | D:4      | Found an iron altar of Okawaru.
  4002 | D:4      | Found an oddly glowing altar of Pakellas.
  4002 | D:4      | Found a basalt altar of Yredelemnul.
  4004 | D:4      | Found a glowing silver altar of Zin.
  4086 | D:5      | Entered Level 5 of the Dungeon
  4472 | D:5      | Found a staircase to the Ecumenical Temple.
  4573 | Temple   | Entered the Ecumenical Temple
  4601 | Temple   | Became a worshipper of Dithmenos the Shadowed
  4733 | D:5      | Found a stormy altar of Qazlal.
  5066 | D:5      | Mangled by an orc warrior

Vault maps used:
D:1:      dpeg_arrival_arbitrary_c
D:2:      serial_forest, infiniplex_forest_clump_diagonal,
          infiniplex_forest_lined_room_2, infiniplex_forest_lined_3,
          infiniplex_forest_end_double, infiniplex_forest_clump_double,
          infiniplex_forest_end_double, infiniplex_forest_clump_tiny,
          johnstein_pakellas_dig
D:4:      grunt_temple_overflow_open, first_bread, kennysheep_flooded_box
D:5:      temple_doors_a, basic_altar
D:6:      lemuel_ice_spiral_2, kennysheep_mini, serial_shops, shop, shop,
          nicolae_shop_statue_plus, shop, shop, enter_ossuary_3, st_stairs_3
Temple:   circular_temple_pool_12

Action                   |  1- 3 |  4- 6 || total
-------------------------+-------+-------++-------
Melee: Long sword        |   136 |   166 ||   302
Evoke: Wand              |     1 |       ||     1
  Use: Scroll            |       |     5 ||     5
       Potion            |       |     1 ||     1
 Stab: Sleeping          |       |     2 ||     2
  Eat: Bread ration      |     1 |       ||     1
       Meat ration       |       |     2 ||     2
       Royal jelly       |       |     1 ||     1
